[ AOE2 MATCH · #507249097 ]
UnrankedPersians vs Poles
Player's team · WIN
Rival team · LOSS
[ REPLAY ANALYSIS · EXTRACTED FROM THE RECORDED GAME ]
Feudal
11:47
Castle
28:17
Imperial
—
| APM avg | 51.4 |
| APM peak | 92 |
| eAPM avg | 20.3 |
| Villagers / military | 66 / 79 |
Focus
⚔️ 27.6% · 🌾 72.4%
Scout Cavalry ×79 · Fishing Ship ×7
Feudal
11:06
Castle
28:23
Imperial
—
| APM avg | 38.5 |
| APM peak | 74 |
| eAPM avg | 15.7 |
| Villagers / military | 51 / 26 |
Focus
⚔️ 29.0% · 🌾 71.0%
Spearman ×14 · Archer ×9 · Fishing Ship ×4 · Fire Galley ×2 · Skirmisher ×1
Match map
Initial resources + every placement click. Lines = walls · curves = elevation contours. ◆ gold · ⬟ stone · ● berries · ✦ relic · ◌ wall gap
Your base· Open — unwalled flank
Al pacino's base· Open — unwalled flank
Smoothed initial terrain · ◌ = detected wall gap · hover for details
Inputs per minute
— verszomj - - Al pacino
Build order — verszomj
First 150 of 198 actions detected
| 0:01 | Queue | Villager (Male) ×5 |
| 0:02 | Build | House |
| 0:05 | Build | House |
| 0:57 | Build | Lumber Camp |
| 1:31 | Queue | Villager (Male) |
| 2:05 | Queue | Villager (Male) |
| 2:36 | Queue | Villager (Male) |
| 2:36 | Queue | Villager (Male) |
| 3:04 | Build | Dock |
| 3:10 | Queue | Villager (Male) |
| 3:10 | Queue | Villager (Male) |
| 3:27 | Build | House |
| 3:35 | Queue | Villager (Male) |
| 3:35 | Queue | Villager (Male) |
| 3:52 | Build | House |
| 3:57 | Queue | Villager (Male) |
| 3:57 | Queue | Villager (Male) |
| 4:22 | Queue | Villager (Male) |
| 4:22 | Queue | Villager (Male) |
| 4:22 | Queue | Fishing Ship |
| 4:46 | Queue | Villager (Male) |
| 4:46 | Queue | Villager (Male) |
| 5:03 | Queue | Fishing Ship |
| 5:07 | Queue | Villager (Male) |
| 5:08 | Queue | Villager (Male) |
| 5:22 | Queue | Fishing Ship |
| 5:29 | Queue | Villager (Male) |
| 5:29 | Queue | Villager (Male) |
| 5:54 | Queue | Villager (Male) |
| 6:00 | Queue | Fishing Ship |
| 6:06 | Build | House |
| 6:18 | Queue | Villager (Male) |
| 6:27 | Research | Loom |
| 6:47 | Queue | Fishing Ship |
| 7:13 | Queue | Villager (Male) |
| 7:27 | Queue | Villager (Male) |
| 7:27 | Queue | Villager (Male) |
| 7:38 | Queue | Villager (Male) |
| 7:39 | Queue | Villager (Male) |
| 8:03 | Queue | Fishing Ship |
| 8:56 | Build | Town Center |
| 9:00 | Build | House |
| 9:12 | Build | House |
| 9:17 | Build | Palisade Wall |
| 9:35 | Build | House |
| 9:36 | Queue | Fishing Ship |
| 9:44 | Research | Feudal Age |
| 9:53 | Queue | Villager (Male) |
| 10:11 | Build | Mining Camp |
| 10:23 | Queue | Villager (Male) |
| 10:42 | Build | Barracks |
| 11:04 | Build | House |
| 11:24 | Queue | Villager (Male) |
| 11:47 | Age | Feudal Age |
| 11:58 | Build | Stable |
| 12:00 | Research | Double-Bit Axe |
| 12:14 | Queue | Villager (Male) |
| 12:34 | Queue | Villager (Male) |
| 12:37 | Queue | Scout Cavalry |
| 12:37 | Queue | Scout Cavalry |
| 12:55 | Queue | Villager (Male) |
| 12:57 | Queue | Scout Cavalry |
| 12:59 | Build | House |
| 13:01 | Build | Stable |
| 13:22 | Queue | Villager (Male) |
| 13:44 | Queue | Villager (Male) |
| 13:49 | Queue | Scout Cavalry |
| 13:54 | Build | Mill |
| 14:00 | Queue | Villager (Male) |
| 14:03 | Queue | Villager (Male) |
| 14:36 | Queue | Villager (Male) |
| 14:56 | Build | Dock |
| 15:06 | Queue | Villager (Male) |
| 15:10 | Build | Blacksmith |
| 15:11 | Queue | Villager (Male) |
| 15:23 | Queue | Villager (Male) |
| 15:30 | Research | Bloodlines |
| 15:31 | Queue | Scout Cavalry |
| 15:41 | Queue | Villager (Male) |
| 16:17 | Research | Scale Barding Armor |
| 16:18 | Queue | Villager (Male) |
| 16:25 | Queue | Scout Cavalry |
| 16:46 | Queue | Villager (Male) |
| 17:09 | Queue | Scout Cavalry |
| 17:09 | Queue | Scout Cavalry |
| 17:11 | Queue | Villager (Male) |
| 17:14 | Build | House |
| 17:15 | Build | House |
| 17:19 | Build | Lumber Camp |
| 17:37 | Queue | Scout Cavalry ×3 |
| 17:37 | Queue | Scout Cavalry ×3 |
| 17:56 | Queue | Villager (Male) |
| 18:18 | Build | Farm |
| 18:18 | Build | Farm |
| 18:19 | Build | Farm |
| 18:19 | Build | Farm |
| 18:19 | Build | Farm |
| 18:19 | Build | Farm |
| 18:20 | Build | Farm |
| 18:20 | Build | Farm |
| 18:20 | Build | Farm |
| 18:34 | Queue | Villager (Male) |
| 18:55 | Queue | Villager (Male) |
| 19:02 | Research | Forging |
| 19:05 | Build | Farm |
| 19:07 | Build | Farm |
| 19:09 | Build | Farm |
| 19:15 | Build | Lumber Camp |
| 19:25 | Queue | Villager (Male) |
| 20:09 | Queue | Villager (Male) |
| 20:18 | Queue | Scout Cavalry ×3 |
| 20:40 | Queue | Villager (Male) |
| 20:42 | Build | Stable |
| 20:45 | Build | Farm |
| 20:46 | Build | Farm |
| 21:05 | Queue | Scout Cavalry |
| 21:13 | Build | Farm |
| 21:13 | Build | Farm |
| 21:13 | Build | Farm |
| 21:13 | Build | Farm |
| 21:21 | Queue | Villager (Male) |
| 21:22 | Queue | Villager (Male) |
| 21:44 | Queue | Scout Cavalry |
| 21:48 | Build | Mill |
| 21:49 | Build | Farm |
| 21:49 | Build | Farm |
| 21:50 | Build | Farm |
| 21:59 | Queue | Villager (Male) |
| 22:03 | Queue | Scout Cavalry |
| 22:03 | Queue | Scout Cavalry |
| 22:12 | Build | House |
| 22:12 | Build | House |
| 22:40 | Queue | Scout Cavalry ×4 |
| 22:42 | Queue | Villager (Male) |
| 22:47 | Build | Farm |
| 22:49 | Build | Farm |
| 23:13 | Queue | Villager (Male) |
| 23:15 | Queue | Scout Cavalry ×3 |
| 23:16 | Queue | Scout Cavalry ×3 |
| 23:33 | Queue | Scout Cavalry |
| 23:37 | Queue | Villager (Male) |
| 23:47 | Build | Mill |
| 23:48 | Build | Farm |
| 23:48 | Build | Farm |
| 23:48 | Build | Farm |
| 23:49 | Build | Farm |
| 23:49 | Build | Farm |
| 23:49 | Build | Farm |
| 23:49 | Build | Farm |
| 23:50 | Build | Farm |
Build order — Al pacino
135 actions detected in the replay
| 0:00 | Queue | Villager (Male) |
| 0:01 | Queue | Villager (Male) |
| 0:01 | Queue | Villager (Male) |
| 0:02 | Build | House |
| 0:05 | Build | House |
| 0:18 | Queue | Villager (Male) |
| 1:42 | Queue | Villager (Male) |
| 1:45 | Build | Lumber Camp |
| 1:57 | Queue | Villager (Male) |
| 2:15 | Queue | Villager (Male) |
| 2:51 | Queue | Villager (Male) |
| 3:21 | Queue | Villager (Male) |
| 3:21 | Queue | Villager (Male) |
| 3:30 | Build | Mill |
| 3:45 | Queue | Villager (Male) |
| 4:31 | Queue | Villager (Male) |
| 4:55 | Queue | Villager (Male) |
| 5:14 | Build | House |
| 5:15 | Queue | Villager (Male) |
| 5:45 | Queue | Villager (Male) |
| 6:19 | Queue | Villager (Male) |
| 6:20 | Queue | Villager (Male) |
| 6:53 | Queue | Villager (Male) |
| 6:57 | Build | Dock |
| 8:06 | Queue | Villager (Male) |
| 8:08 | Research | Loom |
| 8:12 | Queue | Fishing Ship |
| 8:13 | Queue | Fishing Ship |
| 8:13 | Queue | Fishing Ship |
| 8:17 | Build | House |
| 8:29 | Research | Feudal Age |
| 9:57 | Build | Mining Camp |
| 10:23 | Build | Barracks |
| 10:53 | Queue | Fishing Ship |
| 11:06 | Age | Feudal Age |
| 11:09 | Queue | Villager (Male) |
| 11:17 | Build | Archery Range |
| 11:40 | Research | Town Watch |
| 11:52 | Build | Town Center |
| 11:58 | Queue | Archer |
| 11:58 | Queue | Archer |
| 12:04 | Build | House |
| 12:08 | Build | House |
| 12:11 | Build | House |
| 12:32 | Queue | Archer |
| 13:19 | Queue | Archer |
| 13:34 | Queue | Villager (Male) |
| 13:34 | Queue | Villager (Male) |
| 13:35 | Queue | Villager (Male) |
| 13:51 | Build | Blacksmith |
| 14:50 | Research | Forging |
| 14:53 | Research | Fletching |
| 14:55 | Build | Farm |
| 14:58 | Queue | Villager (Male) |
| 14:58 | Queue | Villager (Male) |
| 15:04 | Queue | Archer |
| 15:04 | Queue | Archer |
| 15:09 | Queue | Villager (Male) |
| 15:19 | Queue | Archer |
| 15:25 | Queue | Spearman |
| 15:25 | Queue | Spearman |
| 15:38 | Queue | Fire Galley |
| 15:43 | Queue | Fire Galley |
| 16:53 | Queue | Villager (Male) |
| 16:53 | Queue | Villager (Male) |
| 16:56 | Build | House |
| 17:18 | Build | House |
| 17:19 | Build | House |
| 17:20 | Queue | Villager (Male) |
| 17:20 | Queue | Villager (Male) |
| 17:20 | Queue | Villager (Male) |
| 17:34 | Queue | Spearman |
| 17:34 | Queue | Spearman |
| 18:23 | Queue | Villager (Male) |
| 18:24 | Queue | Villager (Male) |
| 18:32 | Build | Mill |
| 18:33 | Build | Farm |
| 18:34 | Build | Farm |
| 18:39 | Queue | Skirmisher |
| 19:05 | Build | Farm |
| 19:05 | Build | Farm |
| 19:06 | Build | Farm |
| 19:06 | Build | Farm |
| 19:07 | Build | Farm |
| 19:17 | Build | House |
| 19:22 | Queue | Villager (Male) |
| 20:08 | Build | Farm |
| 20:10 | Build | Farm |
| 20:11 | Build | Farm |
| 20:19 | Queue | Villager (Male) |
| 20:20 | Queue | Villager (Male) |
| 20:40 | Queue | Villager (Male) |
| 20:41 | Queue | Villager (Male) |
| 20:46 | Build | Mining Camp |
| 20:48 | Queue | Villager (Male) |
| 20:49 | Queue | Villager (Male) |
| 21:23 | Queue | Villager (Male) |
| 21:27 | Queue | Archer |
| 21:27 | Queue | Archer |
| 21:40 | Queue | Spearman |
| 21:41 | Queue | Spearman |
| 22:13 | Queue | Villager (Male) |
| 22:13 | Queue | Villager (Male) |
| 22:30 | Queue | Spearman |
| 23:19 | Queue | Villager (Male) |
| 23:20 | Queue | Villager (Male) |
| 23:29 | Queue | Spearman |
| 23:29 | Queue | Spearman |
| 23:36 | Build | House |
| 23:37 | Queue | Villager (Male) |
| 23:38 | Queue | Villager (Male) |
| 24:10 | Build | Farm |
| 24:33 | Build | House |
| 24:37 | Build | House |
| 24:46 | Build | Palisade Wall |
| 25:00 | Queue | Spearman |
| 25:00 | Queue | Spearman |
| 25:06 | Queue | Villager (Male) |
| 25:15 | Build | Palisade Wall |
| 25:17 | Build | House |
| 25:41 | Research | Castle Age |
| 26:07 | Queue | Spearman |
| 26:07 | Queue | Spearman |
| 26:07 | Queue | Spearman |
| 26:35 | Queue | Villager (Male) |
| 26:35 | Queue | Villager (Male) |
| 26:59 | Queue | Villager (Male) |
| 27:13 | Research | Double-Bit Axe |
| 27:50 | Build | Farm |
| 28:03 | Build | Farm |
| 28:14 | Build | Farm |
| 28:23 | Age | Castle Age |
| 28:40 | Research | Pikeman (upgrade) |
| 28:45 | Build | Farm |
| 28:50 | Build | Farm |
Match timeline
| 3:04 | verszomj · first_building Dock |
| 6:57 | Al pacino · first_building Dock |
| 9:17 | verszomj · wall_segment Palisade Wall x1 |
| 10:23 | Al pacino · first_building Barracks |
| 10:42 | verszomj · first_building Barracks |
| 11:06 | Al pacino · age_up feudal |
| 11:17 | Al pacino · first_building Archery Range |
| 11:47 | verszomj · age_up feudal |
| 11:58 | verszomj · first_building Stable |
| 24:46 | Al pacino · wall_segment Palisade Wall x1 |
| 25:15 | Al pacino · wall_segment Palisade Wall x1 |
| 28:14 | verszomj · first_market_sell 100 food |
| 28:17 | verszomj · age_up castle |
| 28:23 | Al pacino · age_up castle |
| 29:21 | Al pacino · resign |
[ AI ANALYSIS · 1 CREDIT ]
What really happened in this match?
Wolo.gg analyzes every decision: build order, eco, micro, common mistakes by bracket. Personalized analysis on WhatsApp or Discord in 30 seconds.
Civ guide
Persians
Perfil
Jugador #2680248